 Dungeon Crawl Stone Soup version 0.18.1-50-g88ac8fd (webtiles) character file.

2708 lorenzova the Ruffian (level 9, 0/80 HPs)
             Began as a Troll Monk on Oct 12, 2016.
             Was a Priest of Qazlal.
             Shot with an arrow by a centaur (5 damage)
             ... on level 6 of the Dungeon.
             The game lasted 00:19:12 (5837 turns).

lorenzova the Ruffian (Troll Monk)                  Turns: 5837, Time: 00:19:13

Health: 0/80       AC: 12    Str: 21    XL:     9   Next: 39%
Magic:  16/16      EV: 12    Int:  8    God:    Qazlal [***...]
Gold:   392        SH:  4    Dex: 13    Spells: 0 memorised, 18 levels left

rFire  . . .     SeeInvis .       - Unarmed
rCold  . . .     Gourm    +     a - +0 robe
rNeg   . . .     Faith    .     (no shield)
rPois  .         Spirit   .     (helmet restricted)
rElec  .         Dismiss  .     z - +1 cloak {MR+}
rCorr  .         Reflect  .     (gloves unavailable)
SustAt .         Harm     .     (boots unavailable)
MR     +....                    (no amulet)
Stlth  ++........               y - ring of stealth
                                o - +5 ring of protection

@: exhausted, slowed, very slow, somewhat resistant to hostile enchantments,
unstealthy
A: unfitting armour, claws 3, fast metabolism 3, gourmand, regeneration 2,
shaggy fur 1, tough skin 2
a: Upheaval, Elemental Force, Renounce Religion


You were on level 6 of the Dungeon.
You worshipped Qazlal.
Qazlal was most pleased with you.
You were not hungry.

You visited 1 branch of the dungeon, and saw 7 of its levels.
You also visited: Ossuary.

You collected 392 gold pieces.

Inventory:

Missiles
 h - 246 stones (quivered)
Armour
 a - a +0 robe (worn)
 f - a +0 shield
 i - a +1 cloak
 z - a +1 cloak of magic resistance (worn)
Jewellery
 m - an uncursed ring of magical power
 o - a +5 ring of protection (left claw)
 y - a ring of stealth (right claw)
 E - a cursed ring of poison resistance {unknown}
Wands
 D - a wand of paralysis (9/24)
Scrolls
 c - 2 scrolls of enchant weapon
 d - a scroll of enchant armour
 e - a scroll of remove curse
 j - a scroll of amnesia
 p - 2 scrolls of recharging {unknown}
 q - 4 scrolls of teleportation
 r - 3 scrolls of identify
 w - a scroll of magic mapping {unknown}
Potions
 g - 2 potions of might {unknown}
 n - 5 potions of curing {unknown}
 t - 3 potions of haste {unknown}
 u - a potion of mutation {unknown}
 x - 2 potions of ambrosia
 A - a potion of heal wounds {unknown}
 C - a potion of flight {unknown}
Books
 l - a book of Maledictions

   Spells                             Type                      Level
   a - Corona                         Hexes                        1
   b - Ensorcelled Hibernation        Hexes/Ice                    2
   c - Confuse                        Hexes                        3
   d - Tukima's Dance                 Hexes                        3
   e - Dazzling Spray                 Conjuration/Hexes            3
 B - a book of Transfigurations

   Spells                             Type                      Level
   a - Irradiate                      Conjuration/Transmutation    5
   b - Statue Form                    Transmutation/Earth          6
   c - Hydra Form                     Transmutation                6
   d - Dragon Form                    Transmutation                7
Comestibles
 b - 7 bread rations
 k - 6 chunks of flesh
 s - 4 meat rations
 v - a beef jerky


   Skills:
 - Level 2.4 Fighting
 - Level 1.8 Throwing
 + Level 6.0 Dodging
 - Level 1.1 Stealth
 + Level 7.7 Unarmed Combat
 * Level 5.4 Spellcasting


You had 18 spell levels left.
You didn't know any spells.

Dungeon Overview and Level Annotations

Branches:
Dungeon (7/15)             Temple (0/1) D:5

Altars:
Ashenzari
Elyvilon
Fedhas
Nemelex Xobeh
Qazlal
Ru
Xom
Zin
The Shining One

Annotations:
D:7 Prince Ribbit


Innate Abilities, Weirdness & Mutations

You are too large for most types of armour.
You have claws for hands.
Your metabolism is lightning-fast.
You like to eat raw meat.
You heal very quickly.
You are covered in fur (AC +1).
You have very tough skin (AC +2).


Message History

Okay, then.
Read which item? (? for menu, Esc to quit)
Okay, then.
Evoke which item? (* to show all) (? for menu, Esc to quit)
Zapping:
D - a wand of paralysis {zapped: 1} (will waste charges)
Press: ? - help, Shift-Dir - straight line, f - centaur
Aim: a centaur, wielding a shortbow (chance to defeat MR: 46%)
The centaur resists with some effort.
Evoking this partially-identified wand wasted a few charges.
The centaur shoots an arrow.
The arrow barely misses you.
The centaur shoots an arrow.
The arrow hits you.
* * * LOW HITPOINT WARNING * * *
Evoke which item? (* to show all) (? for menu, Esc to quit)
Zapping:
D - a wand of paralysis {zapped: 3} (will waste charges)
Press: ? - help, Shift-Dir - straight line, f/p - centaur
Aim: a centaur, wielding a shortbow (chance to defeat MR: 46%)
The centaur resists with some effort.
Evoking this partially-identified wand wasted a few charges.
The centaur shoots an arrow.
The arrow hits you.
You die...

...#
##.[[..#..####....#
#.# ...#
#...#####.#.....(##
#.# ##.# #..##
#........#.# #.#
#.# #..#
#........#.#### #.#
#.## #..#
#........#....# #.#
#..###..#
#........####.##
#.## ##.#....#
#.....c..# #..#
#..# ###.#..###
#...ยงยง...# ##.#
##.# .......#
#...@[...# #.# #.#
..#.#.## ##########
#.####.# ......###
#....<.. #.#.....#
##.....) ..#..##.#
#...... .##..##.#
#)).... ###.###.##
#).....
##.###..####
#......
#...###....########
#......


You could see a centaur.

Vanquished Creatures
  Joseph (D:7)
  A centaur skeleton (D:7)
  The ghost of lorenzova the Ruffian, an amateur TrMo (D:4)
  An orc warrior (D:7)
  An elf zombie (Ossuary)
  6 giant frogs
  A water moccasin zombie (D:7)
  6 wights (D:6)
  2 howler monkeys
  3 crimson imps
  3 centaur zombies
  A quasit (D:6)
  2 giant frog skeletons
  2 orc priests (D:6)
  5 orc wizards
  Crazy Yiuf (D:6)
  7 worker ants
  2 big kobold zombies (Ossuary)
  2 hound skeletons (D:6)
  2 mummies (Ossuary)
  2 gnolls (D:5)
  A howler monkey skeleton (D:5)
  3 adders
  2 dart slugs
  5 giant geckos
  18 orcs
  5 bats
  2 giant cockroaches
  8 goblins
  8 hobgoblins
  5 jackals
  5 quokkas
  A ball python (D:6)
  2 giant gecko zombies
  4 giant newts
  2 goblin zombies (Ossuary)
  10 hobgoblin zombies (Ossuary)
  A jackal skeleton (D:4)
  3 jackal zombies
  2 kobolds
  14 kobold zombies (Ossuary)
  3 orc zombies (Ossuary)
  8 rats
164 creatures vanquished.

Vanquished Creatures (others)
  An orc wizard (D:6)
1 creature vanquished.

Grand Total: 165 creatures vanquished

Notes
Turn   | Place    | Note
--------------------------------------------------------------
     0 | D:1      | lorenzova the Troll Monk began the quest for the Orb.
     0 | D:1      | Reached XP level 1. HP: 22/22 MP: 0/0
   123 | D:1      | Reached XP level 2. HP: 29/29 MP: 1/1
   418 | D:1      | You fall through a shaft!
   569 | D:1      | Reached skill level 1 in Throwing
   779 | D:2      | Found a stormy altar of Qazlal.
   895 | D:2      | Found a sacrificial altar of Ru.
  1653 | D:3      | Reached XP level 3. HP: 35/36 MP: 2/2
  1730 | D:3      | Reached XP level 4. HP: 43/44 MP: 3/3
  2827 | D:4      | Reached XP level 5. HP: 44/50 MP: 4/4
  2861 | D:4      | Reached skill level 1 in Spellcasting
  2939 | D:4      | Found a sand-covered staircase.
  2947 | Ossuary  | Entered an ossuary
  3122 | Ossuary  | Reached skill level 5 in Unarmed Combat
  3122 | Ossuary  | Reached XP level 6. HP: 39/59 MP: 7/7
  3424 | D:4      | Noticed lorenzova's ghost (amateur TrMo)
  3444 | D:4      | Killed lorenzova's ghost
  3444 | D:4      | Reached XP level 7. HP: 40/66 MP: 8/10
  3596 | D:4      | Found a shattered altar of Ashenzari.
  3832 | D:2      | Became a worshipper of Qazlal Stormbringer
  3832 | D:2      | Reached * piety under Qazlal
  3832 | D:2      | Reached ** piety under Qazlal
  3873 | D:5      | Entered Level 5 of the Dungeon
  3898 | D:5      | Found a glowing silver altar of Zin.
  3900 | D:5      | Found a white marble altar of Elyvilon.
  3921 | D:5      | Found a glowing golden altar of the Shining One.
  4060 | D:5      | Reached skill level 6 in Unarmed Combat
  4090 | D:5      | Found a shimmering altar of Xom.
  4090 | D:5      | Found a blossoming altar of Fedhas.
  4350 | D:5      | Found a staircase to the Ecumenical Temple.
  4598 | D:6      | Reached XP level 8. HP: 74/74 MP: 12/12
  4665 | D:6      | Reached skill level 5 in Dodging
  5199 | D:6      | Noticed Crazy Yiuf
  5209 | D:6      | Killed Crazy Yiuf
  5248 | D:7      | Noticed Prince Ribbit
  5256 | D:6      | Reached skill level 7 in Unarmed Combat
  5410 | D:7      | Reached *** piety under Qazlal
  5474 | D:7      | Noticed Joseph
  5506 | D:7      | Killed Joseph
  5506 | D:7      | Reached XP level 9. HP: 42/80 MP: 15/15
  5533 | D:6      | Reached skill level 5 in Spellcasting
  5663 | D:7      | Found a sparkling altar of Nemelex Xobeh.
  5834 | D:7      | HP: 4/80 [hippogriff (7)]
  5837 | D:6      | Shot with an arrow by a centaur

Skill      XL: |  1  2  3  4  5  6  7  8  9 |
---------------+----------------------------+-----
Throwing       | 1 |  1.8
Dodging        | 3 4 5 6 |  6.0
Spellcasting   | 1 2 3 4 5 |  5.4
Unarmed Combat | 5 6 7 |  7.7
Fighting       | |  2.4
Stealth        | |  1.1

Action                   |  1- 3 |  4- 6 |  7- 9 || total
-------------------------+-------+-------+-------++-------
Melee: Unarmed           |    76 |   204 |   258 ||   538
       Punch             |     1 |     6 |    10 ||    17
Throw: Stone             |       |       |     8 ||     8
Evoke: Wand              |       |       |     2 ||     2
  Use: Scroll            |       |     8 |     3 ||    11
       Potion            |       |     5 |     1 ||     6
 Stab: Sleeping          |     2 |     3 |       ||     5
  Eat: Chunk             |    12 |    12 |    26 ||    50
       Fruit             |     2 |     4 |     1 ||     7
Armor: Robe              |    29 |    90 |   121 ||   240
Dodge: Dodged            |    40 |   113 |   136 ||   289
Block: Other             |       |       |    32 ||    32
